 Dungeon Crawl Stone Soup version 0.18-a0-1197-g8004e50 (webtiles) character file.

5014 4thArraOfDagon the Cleaver (level 10, -24/63 HPs)
             Began as a Tengu Berserker on Jan 30, 2016.
             Was a Priest of Trog.
             Killed from afar by a deep elf mage (30 damage)
             ... with a bolt of lightning
             ... on level 10 of the Dungeon.
             The game lasted 00:11:20 (2050 turns).

4thArraOfDagon the Cleaver (Tengu Berserker)        Turns: 2050, Time: 00:11:21

Health: -24/63     AC: 11    Str: 21    XL:     10   Next: 54%
Magic:  11/11      EV: 15    Int:  7    God:    Trog [***...]
Gold:   168        SH:  0    Dex: 14    Spells: 0 memorised, 9 levels left

rFire  . . .     SeeInvis +     u - +4 war axe (chop)
rCold  + . .     Gourm    .     b - +2 ring mail {rC+}
rNeg   . . .     Faith    .     (no shield)
rPois  .         Spirit   .     (helmet restricted)
rElec  .         Dismiss  .     h - +0 cloak
rCorr  .         Reflect  .     v - +0 pair of gloves
SustAt .         Harm     +     (boots unavailable)
MR     .....                    L - amulet of harm
Stlth  +.........               x - ring of see invisible
                                i - ring of flight

@: exhausted, slowed, very slow, not resistant to hostile enchantments, very
unstealthy
A: beak, talons 3, able to fly 1
a: Fly, Berserk, Trog's Hand, Burn Spellbooks, Renounce Religion, Evoke Flight


You were on level 10 of the Dungeon.
You worshipped Trog.
Trog was most pleased with you.
You were very hungry.

You visited 1 branch of the dungeon, and saw 10 of its levels.

You collected 231 gold pieces.
You spent 63 gold pieces at shops.

Inventory:

Hand Weapons
 n - a +2 scimitar of flaming
 u - a +4 war axe of chopping (weapon)
 B - a +0 blowgun
 D - a +1 war axe of draining
Missiles
 j - 7 javelins (quivered)
 C - 9 poisoned needles
 E - a throwing net
Armour
 b - a +2 ring mail of cold resistance (worn)
 h - a +0 cloak (worn)
 v - a +0 pair of gloves (worn)
Jewellery
 i - a ring of flight (left hand)
 x - a ring of see invisible (right hand)
 L - an amulet of harm (around neck)
Wands
 F - a wand of flame (13/48)
 H - a wand of slowing (39/48)
 K - a wand of paralysis (15/24)
Scrolls
 a - 2 scrolls of enchant weapon {unknown}
 d - a scroll of immolation {unknown}
 f - a scroll of noise {unknown}
 m - 2 scrolls of teleportation {unknown}
 p - 3 scrolls of enchant armour {unknown}
 s - 3 scrolls of remove curse
 w - 2 scrolls of recharging {unknown}
 I - a scroll of summoning {unknown}
Potions
 e - a potion of cancellation
 l - a potion of poison
 q - 2 potions of magic
 r - 2 potions of agility
 t - 2 potions of curing {unknown}
 z - 2 potions of heal wounds {unknown}
 A - a potion of brilliance {unknown}
 G - a potion of cure mutation
 J - a potion of berserk rage {unknown}
Books
 y - a book of Annihilations

   Spells                             Type                      Level
   a - Poison Arrow                   Conjuration/Poison           6
   b - Chain Lightning                Conjuration/Air              8
   c - Lehudib's Crystal Spear        Conjuration/Earth            8
   d - Glaciate                       Conjuration/Ice              9
   e - Fire Storm                     Conjuration/Fire             9
   Trog disapproves of the use of such an item.
Comestibles
 c - 5 bread rations
 g - 2 fruits
 k - 2 meat rations
 o - 14 chunks of flesh


   Skills:
 + Level 7.1 Fighting
 * Level 11.3 Axes
 + Level 7.7 Armour
 + Level 7.7 Dodging


You had 9 spell levels left.
You didn't know any spells.

Dungeon Overview and Level Annotations

Branches:
Dungeon (10/15)            Temple (0/1) D:4             Orc (0/2) D:10
   Lair: D:8-11

Altars:

Shops:
D:7 (

Annotations:
D:5 4thArraOfDagon's ghost, amateur CeAE
D:8 Psyche


Innate Abilities, Weirdness & Mutations

You have a beak for a mouth.
You have claws for feet.
You can fly.


Message History

The deep elf mage shouts!
A wolf and a crimson imp come into view.
Things that are here:
a giant club; a hill giant corpse Unknown command.
You feel a strong urge to attack something.
The wolf howls!
The crimson imp shouts!
The wolf moves out of view.
Unknown command.
The deep elf mage casts a spell at you. The bolt of lightning hits you!
* * * LOW HITPOINT WARNING * * *
Unknown command.
You feel your anger subside.
You are no longer berserk.
You are exhausted.
You feel yourself slow down.
You are feeling very hungry.
The deep elf mage points at you and mumbles some strange words.
The bolt of lightning hits you!
You die...

#####.#.# #.#.# .. .
#####.#.###.#.# .h...
...##.#.....#.### .#.#O
....#.(.(.......# ......
...........##.#.##..#.#.
..(.####.#.##.#.).....e.
...## #.#....#.O#......
...# #.#..#........5##
#### #.#..#.#.@#.#...#
#........>#......
####.####.# ..... #. #.#
##### . ... #.# #.# ..#


You could see a deep elf mage, 2 two-headed ogres and a crimson imp.

Vanquished Creatures
  Erica (D:8)
  An unseen horror (D:10)
  2 hill giants (D:10)
  A polar bear (D:10)
  A wyvern (D:8)
  A yak (D:10)
  A hippogriff (D:10)
  A sky beast (D:7)
  3 ice beasts (D:10)
  3 orc warriors
  A black bear (D:8)
  2 phantoms (D:8)
  An ogre (D:5)
  The ghost of 4thArraOfDagon the Gusty, an amateur CeAE of Okawaru (D:4)
  A centaur (D:8)
  A big kobold (D:9)
  A giant frog (D:8)
  A water moccasin zombie (D:6)
  Dowan (D:7)
  3 scorpions
  2 electric eels (D:10)
  A water moccasin simulacrum (D:10)
  A gnoll shaman (D:10)
  3 hounds
  A centaur skeleton (D:8)
  2 orc priests
  A wyvern simulacrum (D:10)
  A giant frog skeleton (D:8)
  An iguana (D:4)
  6 orc wizards
  2 worker ants (D:10)
  A killer bee zombie (D:8)
  A worker ant zombie (D:7)
  5 gnolls (D:10)
  4 adders
  3 shadow imps
  2 ufetubi (D:10)
  An adder zombie (D:9)
  A worm (D:6)
  An adder simulacrum (D:10)
  A giant gecko (D:1)
  21 orcs
  A ball python (D:5)
  3 giant cockroaches
  2 goblins
  3 hobgoblins
  6 jackals
  A quokka (D:7)
  5 bats
  2 giant newts
  8 kobolds
  A quokka zombie (D:8)
  4 rats
126 creatures vanquished.

Vanquished Creatures (others)
  A cyclops (D:7)
  A big kobold (D:7)
  2 giant frogs (D:7)
  An adder (D:7)
5 creatures vanquished.

Grand Total: 131 creatures vanquished

Notes
Turn   | Place    | Note
--------------------------------------------------------------
     0 | D:1      | 4thArraOfDagon the Tengu Berserker began the quest for the Orb.
     0 | D:1      | Reached XP level 1. HP: 14/14 MP: 2/2
    86 | D:1      | Reached XP level 2. HP: 17/19 MP: 3/3
   128 | D:1      | Reached skill level 4 in Axes
   210 | D:2      | Reached ** piety under Trog
   279 | D:4      | Reached XP level 3. HP: 20/23 MP: 4/4
   287 | D:4      | Reached XP level 4. HP: 18/28 MP: 5/5
   389 | D:4      | Found a staircase to the Ecumenical Temple.
   404 | D:4      | Reached skill level 5 in Axes
   414 | D:4      | Gained mutation: You can fly. [Tengu growth]
   414 | D:4      | Reached XP level 5. HP: 32/32 MP: 6/6
   433 | D:4      | Noticed 4thArraOfDagon's ghost (amateur CeAE)
   451 | D:4      | Killed 4thArraOfDagon's ghost
   451 | D:4      | Reached XP level 6. HP: 37/37 MP: 7/7
   466 | D:5      | Entered Level 5 of the Dungeon
   499 | D:4      | Noticed a phantom
   582 | D:5      | Reached skill level 6 in Axes
   703 | D:7      | Reached XP level 7. HP: 43/43 MP: 8/8
   715 | D:7      | Killed a cyclops
   719 | D:7      | Found Juelum's Antique Weapon Emporium.
   726 | D:7      | Bought a runed war axe for 63 gold pieces
   971 | D:5      | Noticed 4thArraOfDagon's ghost (amateur CeAE)
  1026 | D:7      | Reached skill level 7 in Axes
  1037 | D:7      | Noticed Dowan
  1059 | D:7      | Killed Dowan
  1120 | D:8      | Noticed Erica
  1129 | D:8      | Killed Erica
  1129 | D:8      | Reached skill level 5 in Fighting
  1129 | D:8      | Reached skill level 8 in Axes
  1129 | D:8      | Reached skill level 5 in Armour
  1129 | D:8      | Reached skill level 5 in Dodging
  1129 | D:8      | Reached XP level 8. HP: 49/49 MP: 5/9
  1158 | D:8      | Noticed a wyvern
  1175 | D:8      | Killed a wyvern
  1205 | D:8      | Reached XP level 9. HP: 33/54 MP: 10/10
  1222 | D:8      | Reached skill level 9 in Axes
  1320 | D:8      | Noticed Psyche
  1608 | D:9      | Reached *** piety under Trog
  1774 | D:10     | Entered Level 10 of the Dungeon
  1842 | D:10     | Reached skill level 10 in Axes
  1844 | D:10     | Noticed a hill giant
  1857 | D:10     | Killed a hill giant
  1857 | D:10     | Reached XP level 10. HP: 61/61 MP: 11/11
  2033 | D:10     | Noticed an unseen horror
  2034 | D:10     | Found a staircase to the Orcish Mines.
  2034 | D:10     | Noticed a hill giant
  2039 | D:10     | Killed a hill giant
  2039 | D:10     | Reached skill level 11 in Axes
  2042 | D:10     | Killed an unseen horror
  2047 | D:10     | Noticed a deep elf mage
  2050 | D:10     | Killed from afar by a deep elf mage

Vault maps used:
D:1:      roderic_crossed_star, minmay_misc_feat_diagonals, serial_bayou_ford_a
D:2:      ecumenical_altar_1
D:4:      minmay_temple_entry_mist, first_bread
D:5:      grunt_gozag_statues, lemuel_round_altar, grunt_temple_overflow_open
D:6:      minmay_holes
D:7:      nicolae_qazlal_eye_of_the_storm, vehumet_crystals,
          xom_confusion_cloud, serial_shops, nicolae_shop_trees, shop, shop,
          the_bakery, uniq_duvessa
D:8:      nicolae_ru_path_of_blood, uniq_psyche, uniq_erica
D:10:     orc_0_dummy, serial_ice, serial_ice_m, serial_ice_h, serial_ice_k,
          serial_ice_b, serial_ice_d, corexii_corridor_pit

Action                   |  1- 3 |  4- 6 |  7- 9 | 10-12 || total
-------------------------+-------+-------+-------+-------++-------
Melee: Hand axe          |    47 |    19 |       |       ||    66
       War axe           |       |    30 |   111 |    30 ||   171
Invok: Berserk           |     1 |     6 |    12 |     2 ||    21
       Trog's Hand       |     1 |     1 |     8 |     1 ||    11
 Abil: Fly               |       |     1 |     3 |     2 ||     6
Evoke: Wand              |       |       |       |     4 ||     4
  Use: Scroll            |       |     4 |     2 |       ||     6
  Eat: Chunk             |       |     6 |    14 |     3 ||    23
       Beef jerky        |       |       |     1 |       ||     1
       Fruit             |       |       |     2 |       ||     2
